 Dungeon Crawl Stone Soup version 0.32-a0-872-g59262bdc9b (webtiles) character file.

Game seed: 355814695627060160

0 601d51SH the Covert (level 1, 0/23 HPs)
             Began as a Gnoll Delver on Mar 31, 2024.
             Slain by a quokka (2 damage)
             ... on level 4 of the Dungeon.
             The game lasted 00:00:41 (133 turns).

601d51SH the Covert (Gnoll Delver)                   Turns: 133, Time: 00:00:42

Health: 0/23       AC:  3    Str: 11    XL:     1   Next: 10%
Magic:  1/1        EV: 12    Int:  9    God:
Gold:   0          SH:  0    Dex: 13    Spells: 0/0 levels left

rFire   . . .        a - +0 spear
rCold   . . .        (no shield)
rNeg    . . .        b - +0 leather armour
rPois   .            (no helmet)
rElec   .            (no cloak)
rCorr   .            (no gloves)
SInv    .            (no boots)
Will    .....        (no amulet)
Stlth   ++++         (no ring)
HPRegen 0.23/turn    (no ring)
MPRegen 0.07/turn

%: no passive effects
@: no status effects
A: fangs 1, strong nose, distributed training
a: no special abilities


You were on level 4 of the Dungeon.
You visited 1 branch of the dungeon, and saw 2 of its levels.

Inventory:

Hand Weapons
 a - a +0 spear (weapon)
Armour
 b - a +0 leather armour (worn)
Wands
 g - a wand of digging (3)
Scrolls
 c - a scroll of fog
 d - a scroll of revelation
 e - a scroll of fear
Potions
 f - a potion of haste
 h - a potion of lignification {unknown}


   Skills:
 + Level 6.4 Fighting
 + Level 0.0 Short Blades
 + Level 0.0 Long Blades
 + Level 0.0 Axes
 + Level 0.0 Maces & Flails
 + Level 4.4 Polearms
 + Level 0.0 Staves
 + Level 0.0 Ranged Weapons
 + Level 0.0 Throwing
 + Level 0.0 Armour
 + Level 4.4 Dodging
 + Level 9.5 Stealth
 + Level 0.0 Shields
 + Level 0.0 Unarmed Combat
 + Level 0.0 Spellcasting
 + Level 0.0 Conjurations
 + Level 0.0 Hexes
 + Level 0.0 Summonings
 + Level 0.0 Necromancy
 + Level 0.0 Translocations
 + Level 0.0 Fire Magic
 + Level 0.0 Ice Magic
 + Level 0.0 Air Magic
 + Level 0.0 Earth Magic
 + Level 0.0 Alchemy
 + Level 0.0 Invocations
 + Level 0.0 Evocations
 + Level 0.0 Shapeshifting


You couldn't memorise any spells.
You didn't know any spells.
Your spell library was empty.

Dungeon Overview and Level Annotations

Branches:
Dungeon (5/15)
 Temple: D:4-7

Altars:
Makhleb
Sif Muna


Innate Abilities, Weirdness & Mutations

You have very sharp teeth.
Your uncanny sense of smell can sniff out nearby items.
Your experience applies equally to all skills.


Message History

The kobold hits you but does no damage. The kobold closely misses you.
You closely miss the kobold. The giant cockroach bites you.
You closely miss the kobold. The kobold barely misses you.
The giant cockroach barely misses you.
You barely miss the kobold. The kobold closely misses you.
The quokka closely misses you. The giant cockroach misses you.
You hit the kobold but do no damage. Your bite misses the kobold.
The kobold misses you. The quokka misses you.
The giant cockroach barely misses you.
You barely miss the kobold. Your bite misses the kobold.
The quokka bites you but does no damage.
The kobold hits you but does no damage.
The giant cockroach bites you but does no damage.
You closely miss the kobold.
The quokka bites you but does no damage.
The giant cockroach barely misses you. The kobold hits you but does no damage.
You hit the kobold but do no damage. The quokka misses you.
The giant cockroach closely misses you. The kobold barely misses you.
You closely miss the kobold. The quokka misses you.
The giant cockroach bites you. The kobold hits you but does no damage.
You hit the kobold.
The kobold is severely wounded.
The giant cockroach completely misses you.
The quokka barely misses you. The kobold hits you with a +0 dagger.
* * * LOW HITPOINT WARNING * * *
You hit the kobold.
You kill the kobold!
The giant cockroach bites you but does no damage.
The quokka barely misses you.
The giant cockroach bites you but does no damage.
You see here a +0 dagger.
The quokka attacks as it pursues you! The quokka misses you.
The giant cockroach bites you.
* * * LOW HITPOINT WARNING * * *
The giant cockroach bites you but does no damage.
The quokka bites you.
* * * LOW HITPOINT WARNING * * *
The quokka attacks as it pursues you! The quokka bites you.
You die...

#..... ..
####.....#### ...
<.##...##.># . ....
...#...#...# ..
....##..#...#..##...
.<...###.....###....
#...........$..#
#......♣......###
#....)r@...$.....
#####B....###...[
#..#...#+ #...
#...#...# ..#
#>.##...# ## ###
....# ######


You could see a quokka and a giant cockroach.

Vanquished Creatures
  A kobold (D:4)
1 creature vanquished.

Notes
Turn   | Place    | Note
-------+----------+-------------------------------------------
     0 | D:5      | Reached skill level 9 in Stealth
     0 | D:5      | 601d51SH the Gnoll Delver began the quest for the Orb.
     0 | D:5      | Reached XP level 1. HP: 23/23 MP: 1/1
    19 | D:5      | Noticed a howler monkey
    78 | D:5      | Found a burning altar of Makhleb.
    84 | D:5      | Found a shimmering blue altar of Sif Muna.
   133 | D:4      | Slain by a quokka

Illustrated notes

Levels and vault maps discovered:
D:4:      layout_gridville, general_overflow_altar, nicolae_ossuary_entry_ruins,
          grunt_ministairs_6, dk_noncrumbling_2, uniq_sigmund,
          uniq_blork_the_orc
D:5:      layout_loops_corners, mainiacjoe_overflow_large_starburst

Skill      XL: | |
---------------+-+-----
Stealth        | |  9.5
Fighting       | |  6.4
Polearms       | |  4.4
Dodging        | |  4.4

Action                     || total
---------------------------++-------
  Melee: Spear             ||    10
 Armour: Leather armour    ||    21
  Dodge: Dodged            ||    18

Table legend: (Time is in decaauts)
 A = Elapsed time spent in this place.
 B = Non-inter-level travel time spent in this place.
 C = Inter-level travel time spent in this place.
 D = Time resting spent in this place.
 E = Time spent auto-exploring this place.
 F = Levels seen in this place.
 G = Mean time per level.
                   A        B        C        D        E       F      G
               +--------+--------+--------+--------+--------+-----+--------+
         Total |    131 |    131 |      0 |      0 |      0 |   2 |   65.5 |
       Dungeon |    131 |    131 |      0 |      0 |      0 |   2 |   65.5 |
               +--------+--------+--------+--------+--------+-----+--------+

Top non-repeatable levels by time:
     D:5: 109 daAuts
     D:4: 22 daAuts
